 Dungeon Crawl Stone Soup version 0.28-a0-268-g3f656e82c2 (webtiles) character file.

Game seed: 13681007764490580861

7 Spaninq the Grave Robber (level 1, -1/15 HPs)
             Began as a Mummy Necromancer on Aug 28, 2021.
             Slain by a kobold (4 damage)
             ... on level 1 of the Dungeon.
             The game lasted 00:01:43 (123 turns).

Spaninq the Grave Robber (Mummy Necromancer)         Turns: 123, Time: 00:01:44

Health: -1/15      AC:  2    Str: 11    XL:     1   Next: 83%
Magic:  3/4        EV: 12    Int: 14    God:
Gold:   0          SH:  0    Dex: 12    Spells: 4/5 levels left

rFire   x . .      SeeInvis .   (no weapon)
rCold   + . .      Faith    .   (no shield)
rNeg    + + +      Spirit   .   a - +0 robe
rPois   ∞          Reflect  .   (no helmet)
rElec   .          Harm     .   (no cloak)
rCorr   .          Rampage  .   (no gloves)
Will    .....                   (no boots)
Stlth   ++........              (no amulet)
HPRegen 0.05/turn               (no ring)
MPRegen 0.09/turn               (no ring)

@: no status effects
A: cold resistance 1, negative energy resistance 3, torment resistance 2, heat
vulnerability 1, no potions
a: no special abilities


You were on level 1 of the Dungeon.
You visited 1 branch of the dungeon, and saw 1 of its levels.

Inventory:

Missiles
 b - 11 poisoned darts (quivered)
Armour
 a - a +0 robe (worn)


   Skills:
 * Level 1.0 Fighting
 - Level 1.5 Dodging
 + Level 1.7 Stealth
 + Level 2.9 Spellcasting
 - Level 4.0 Necromancy


You had 4 spell levels left.
You knew the following spells:

 Your Spells              Type           Power      Damage    Failure   Level
a - Pain                  Necr           52%        1d6       4%          1

Your spell library contained the following spells:

 Spells                   Type           Power      Damage    Failure   Level
 Animate Skeleton         Necr           26%        N/A       4%          1
 Vampiric Draining        Necr           6%         2d6       13%         3
 Animate Dead             Necr           6%         N/A       38%         4
 Agony                    Necr           13%        N/A       75%         5


Dungeon Overview and Level Annotations

Branches:
Dungeon (1/15)

Altars:


Innate Abilities, Weirdness & Mutations

You are immune to poison.
Your flesh is cold resistant. (rC+)
You are immune to negative energy. (rN+++)
You are immune to unholy pain and torment.
You are vulnerable to heat. (rF-)
You do not drink.


Message History

The endoplasm quivers.
The giant cockroach barely misses you.
Found 9 gold pieces.
Found an emerald potion and a helmet.
The endoplasm barely misses you.
A rat comes into view.
The endoplasm freezes you.
You are frozen.
You resist.
Throw: 13 darts (poison)
Press: ? - help, Q - select action, (/) - cycle Shift-Dir - straight line, f/p - kobold
Aim: a kobold, wielding a +0 club (47% to hit)
You throw a poisoned dart. The poisoned dart hits the endoplasm.
The endoplasm freezes you.
You are frozen.
You resist. The endoplasm freezes you.
You are frozen.
You resist.
You closely miss the kobold. The kobold hits you with a +0 club.
The endoplasm freezes you.
You are frozen.
You resist. The kobold hits you but does no damage.
A rat comes into view.
The kobold hits you with a +0 club.
* * * LOW HITPOINT WARNING * * *
The kobold misses you.
You see here a poisoned dart.
Casting: Pain (safe; 4% risk of failure)
Confirm with . or Enter, or press ? or * to list all spells.
Aiming: Pain (safe; 4% risk of failure)
Press: ? - help, Shift-Dir - straight line, f - giant cockroach, p - kobold
Aim: a giant cockroach (chance to affect: 83%)
The giant cockroach writhes in agony.
You kill the giant cockroach!
The kobold barely misses you.
Your Fighting skill increases to level 1!
Throw: 12 darts (poison)
Press: ? - help, Q - select action, (/) - cycle Shift-Dir - straight line, f - endoplasm
Aim: an endoplasm (85% to hit)
You throw a poisoned dart. The poisoned dart hits the kobold.
The kobold is poisoned.
The kobold hits you with a +0 club.
You die...

..#... #≈≈......≈≈≈#
####.#... #≈≈.......≈≈#
.......[!.##≈...≈≈≈..≈≈#
##..........$#≈..≈≈≈≈≈.≈≈#
###......#...#.#...≈<≈≈≈..≈#
..(..>#.......#≈..≈≈≈.≈≈..#
##.(...........#..≈≈≈≈≈....#
#..(...........##.≈≈≈≈≈≈≈..#
#..(.........#@#.≈≈.≈≈≈.≈≈.#
#..$.........#K#.≈≈..≈.≈≈≈.#
##...........r.#..≈≈.≈.≈≈..#
##............J#...≈≈.≈.≈..#
#..............)...≈...≈.
#........##......#....≈..
#.......###......##......
#.(†...................#
#.......J..............#


You could see an endoplasm, a kobold (poisoned) and a rat.

Vanquished Creatures
  A dart slug (D:1)
  An endoplasm (D:1)
  A giant cockroach (D:1)
  A goblin (D:1)
4 creatures vanquished.

Notes
Turn   | Place    | Note
-------+----------+-------------------------------------------
     0 | D:1      | Spaninq the Mummy Necromancer began the quest for the Orb.
     0 | D:1      | Reached XP level 1. HP: 13/13 MP: 4/4
   123 | D:1      | Reached skill level 1 in Fighting
   123 | D:1      | Slain by a kobold

Illustrated notes

Levels and vault maps discovered:
D:1:      dpeg_arrival_more_subterranean_lakeside_camping, layout_basic,
          minmay_strange_pillars, amcnicky_mini_corridor_feature

Skill      XL: |  1 |
---------------+----+-----
Fighting       | 1 |  1.0
Dodging        | |  1.5
Stealth        | |  1.7
Spellcasting   | |  2.9
Necromancy     | |  4.0

Action                   || total
-------------------------++-------
Melee: Unarmed           ||     1
Throw: Dart              ||     9
 Cast: Pain              ||     6
Armor: Robe              ||     1
Dodge: Dodged            ||     9

Table legend: (Time is in decaauts)
 A = Elapsed time spent in this place.
 B = Non-inter-level travel time spent in this place.
 C = Inter-level travel time spent in this place.
 D = Time resting spent in this place.
 E = Time spent auto-exploring this place.
 F = Levels seen in this place.
 G = Mean time per level.
                   A        B        C        D        E       F      G
               +--------+--------+--------+--------+--------+-----+--------+
         Total |    123 |    123 |      0 |     11 |     26 |   1 |  123.0 |
       Dungeon |    123 |    123 |      0 |     11 |     26 |   1 |  123.0 |
               +--------+--------+--------+--------+--------+-----+--------+

Top non-repeatable levels by time:
     D:1: 123 daAuts
